AoeStats
← MAVERICK

Black Forest

510361625Analyzed
3v3 RM · 10h ago on Sep 30, 2026· 76m 5s· 6 players
Game mode
Random Map
Map size
Normal (6 player)
Population
200
Speed
Normal
Resources
Standard
Victory
Conquest
Starting age
Dark Age
Ending age
Imperial Age
RankedLock teamsTeams togetherTeam positionsShared explorationLock speedFull tech treeHidden civsTurbo modeCheats
Victory
Defeat
🇦🇷 Bohemians · Argentina
1139
+12
🇦🇷 Britons · Argentina
1135
+13
🇦🇷 Spanish · Argentina
1113
+13
🇩🇪 Italians · Germany
1085
-13
🇨🇳 Romans · China
1061
-13
🇨🇳 Mongols · China
1028
-12
theoneandonlybuzzer
0:29 Loom
13:04 Feudal Age
13:55 Town Watch
16:45 Castle Age
15:23 Double-Bit Axe
15:19 Horse Collar
15:32 Gold Mining
25:11 Bow Saw
27:59 Wheelbarrow
27:36 Heavy Plow
27:45 Stone Mining
29:47 Hand Cart
33:08 Imperial Age
30:51 Fletching
32:03 Ballistics
32:03 Bodkin Arrow
32:08 Padded Archer Armor
32:23 Clinker Construction
32:20 Thumb Ring
32:49 Caravan
33:23 Silk Road
33:54 Leather Archer Armor
33:44 Scale Barding Armor
33:44 Husbandry
34:35 Guilds
35:19 Masonry
35:23 Forging
35:41 Conscription
36:02 Crop Rotation
36:34 Two-Man Saw
36:59 Chemistry
36:46 Coinage
35:49 Elite Skirmisher
37:10 Hoardings
37:09 Architecture
37:11 Bloodlines
36:31 Capped Ram
36:52 Light Cavalry
37:56 Hussar
37:59 Cavalier
39:00 Chain Barding Armor
39:11 Ring Archer Armor
38:41 Bracer
38:48 Elite Genoese Crossbowman
40:08 Iron Casting
41:55 Bombard Tower
41:27 Guard Tower
41:48 Fortified Wall
41:20 Treadmill Crane
41:55 Fortified Wall
43:04 Plate Barding Armor
46:26 Blast Furnace
45:43 Pirotechnia
46:11 Keep
51:36 Murder Holes
54:06 Onager
宝宝巴士
10:40 Feudal Age
15:09 Castle Age
23:54 Double-Bit Axe
23:50 Horse Collar
26:15 Gold Mining
26:49 Bow Saw
26:44 Heavy Plow
31:25 Imperial Age
29:44 Thumb Ring
30:30 Wheelbarrow
29:40 Loom
30:40 Ballistics
32:04 Gold Shaft Mining
31:22 Stone Mining
32:03 Padded Archer Armor
32:09 Scale Barding Armor
31:54 Fletching
32:15 Forging
32:57 Bloodlines
32:47 Husbandry
33:18 Hand Cart
33:52 Leather Archer Armor
33:57 Chain Barding Armor
34:23 Parthian Tactics
33:22 Elite Mangudai
34:23 Conscription
36:18 Chemistry
34:42 Elite Steppe Lancer
35:46 Drill
35:28 Nomads
36:24 Caravan
38:00 Town Watch
38:31 Bodkin Arrow
39:11 Iron Casting
38:16 Capped Ram
39:12 Siege Ram
39:58 Bracer
43:25 Blast Furnace
52:01 Stone Shaft Mining
52:43 Light Cavalry
53:44 Scale Mail Armor
55:50 Elite Skirmisher
57:02 Hussar
63:57 Masonry
68:51 Chain Mail Armor
69:01 Pikeman
69:44 Squires
69:29 Arson
mikey
10:33 Feudal Age
14:36 Castle Age
14:25 Double-Bit Axe
21:05 Horse Collar
21:45 Bow Saw
24:15 Wheelbarrow
23:44 Heavy Plow
25:27 Gold Mining
25:36 Stone Mining
26:07 Hand Cart
25:39 Loom
25:39 Town Watch
28:53 Imperial Age
26:35 Man-at-Arms
27:16 Squires
27:39 Ballistics
28:30 Gold Shaft Mining
28:03 Long Swordsman
28:57 Town Watch
29:17 Scale Mail Armor
29:28 Forging
29:09 Fletching
30:26 Crop Rotation
29:58 Legionary
30:09 Heavy Scorpion
32:10 Siege Engineers
32:34 Ballistas
34:55 Chemistry
34:05 Masonry
34:20 Conscription
33:23 Capped Ram
34:32 Siege Ram
36:31 Comitatenses
39:03 Architecture
38:35 Bodkin Arrow
39:15 Iron Casting
38:56 Chain Mail Armor
38:48 Scale Barding Armor
40:55 Elite Centurion
42:23 Bloodlines
42:14 Husbandry
45:45 Blast Furnace
45:05 Chain Barding Armor
44:46 Padded Archer Armor
48:32 Caravan
50:00 Plate Barding Armor
MAVERICK
0:36 Loom
14:46 Feudal Age
20:33 Castle Age
19:06 Double-Bit Axe
19:13 Horse Collar
22:47 Bow Saw
22:42 Heavy Plow
26:57 Fortified Wall
32:58 Imperial Age
31:49 Wheelbarrow
31:00 Town Watch
32:13 Fletching
33:11 Ballistics
34:03 Chemistry
33:22 Bodkin Arrow
33:54 Padded Archer Armor
34:44 Conscription
36:03 Hand Cart
37:09 Wagenburg Tactics
37:15 Siege Engineers
37:08 Murder Holes
37:31 Masonry
38:29 Two-Man Saw
37:15 Pikeman
37:56 Squires
39:10 Elite Hussite Wagon
41:03 Ballistics
40:47 Bracer
41:02 Leather Archer Armor
40:45 Houfnice
41:30 Scale Mail Armor
41:41 Forging
43:19 Ring Archer Armor
43:52 Architecture
44:07 Hussite Reforms
45:32 Chain Mail Armor
45:52 Iron Casting
44:50 Elite Skirmisher
52:02 Blast Furnace
51:32 Plate Mail Armor
50:38 Sappers
58:35 Scale Barding Armor
rstizza
10:13 Loom
13:23 Feudal Age
17:53 Castle Age
16:55 Double-Bit Axe
19:11 Bow Saw
18:46 Horse Collar
20:05 Heavy Plow
24:17 Wheelbarrow
26:08 Gold Mining
26:13 Stone Mining
28:20 Stone Shaft Mining
30:07 Hand Cart
31:29 Scale Barding Armor
38:54 Imperial Age
38:00 Chain Barding Armor
37:51 Forging
37:32 Fletching
37:44 Padded Archer Armor
38:43 Husbandry
39:19 Town Watch
40:11 Iron Casting
39:24 Cavalier
40:44 Plate Barding Armor
42:01 Fortified Wall
42:51 Chemistry
42:12 Ballistics
42:03 Masonry
43:15 Blast Furnace
42:31 Leather Archer Armor
42:11 Bodkin Arrow
42:17 Scale Mail Armor
44:52 Paladin
50:21 Light Cavalry
51:12 Bloodlines
50:55 Elite Conquistador
52:06 Caravan
52:27 Hussar
71:01 Bracer
71:17 Chain Mail Armor
71:33 Ring Archer Armor
72:48 Hoardings
71:43 Sappers
72:34 Conscription
72:47 Architecture
72:39 Bombard Tower
balgarv
0:54 Loom
12:57 Feudal Age
17:10 Castle Age
15:07 Double-Bit Axe
15:49 Horse Collar
18:06 Bow Saw
27:40 Wheelbarrow
28:00 Heavy Plow
32:43 Imperial Age
30:28 Gold Mining
30:47 Fletching
31:34 Ballistics
32:09 Gold Shaft Mining
31:31 Stone Mining
31:59 Hand Cart
31:30 Town Watch
32:26 Bodkin Arrow
33:11 Fortified Wall
33:38 Bracer
34:43 Chemistry
34:56 Two-Man Saw
34:29 Siege Engineers
34:25 Gambesons
34:02 Pikeman
34:42 Squires
34:28 Arson
34:03 Man-at-Arms
34:50 Scale Mail Armor
34:50 Padded Archer Armor
35:01 Forging
34:50 Elite Longbowman
35:53 Yeomen
36:10 Conscription
35:40 Long Swordsman
36:22 Padded Archer Armor
36:38 Chain Mail Armor
36:33 Forging
36:30 Onager
37:46 Warwolf
37:54 Two-Handed Swordsman
37:55 Halberdier
39:06 Plate Mail Armor
38:52 Leather Archer Armor
39:01 Champion
39:51 Masonry
39:39 Murder Holes
39:24 Treadmill Crane
39:35 Guard Tower
40:28 Iron Casting
42:04 Ring Archer Armor
42:05 Architecture
41:16 Treadmill Crane
41:26 Guard Tower
41:22 Arrowslits
42:39 Caravan
48:30 Blast Furnace
57:22 Keep
56:53 Siphons
57:09 Shipwright
56:39 Heated Shot
56:59 Clinker Construction
57:00 Careening
56:11 Heavy Scorpion
56:12 Capped Ram
57:26 Coinage
57:06 Guilds
56:58 Town Patrol
56:29 Sappers
57:34 Hoardings
61:23 Banking
60:20 Cranequins
60:21 Heavy Mounted Crossbowman
60:21 Elite Skirmisher
60:22 Crossbowman
60:24 Cavalier
61:04 Husbandry
60:25 Light Cavalry
71:19 Dry Dock
71:19 Carvel Hull
70:26 Arbalester
71:50 Scale Barding Armor
Connection lost

Rejoining the realm…

Still unreachable

The connection could not be restored.

Session expired

The server has moved on; the page needs a fresh start.